 Dungeon Crawl Stone Soup version 0.29.0-4-gdea44cf6ec (webtiles) character file.

Game seed: 2944105894442488162

321 qw the Chopper (level 6, -1/38 HPs)
             Began as a Gargoyle Berserker on Sept 5, 2022.
             Was a Believer of Trog.
             Slain by a river rat (7 damage)
             ... summoned by Eustachio
             ... on level 4 of the Dungeon.
             The game lasted 00:01:17 (3235 turns).

qw the Chopper (Gargoyle Berserker)                 Turns: 3235, Time: 00:01:17

Health: -1/38      AC: 20    Str: 28    XL:     6   Next: 46%
Magic:  6/6        EV:  7    Int:  8    God:    Trog [**....]
Gold:   134        SH:  0    Dex:  9    Spells: 5/5 levels left

rFire   . . .      SeeInvis .   Y - +2 hand axe
rCold   . . .      Faith    .   (no shield)
rNeg    + . .      Spirit   .   c - +0 plate armour
rPois   inf        Reflect  .   f - +2 helmet
rElec   +          Harm     .   (no cloak)
rCorr   .          Rampage  .   (no gloves)
Will    +....                   h - +0 pair of boots
Stlth   ..........              (no amulet)
HPRegen 0.12/turn               e - +6 ring of strength
MPRegen 0.10/turn               a - ring of willpower

@: on berserk cooldown, slowed, very slow
A: sickness immunity, AC +4, negative energy resistance 1, electricity
resistance, torment resistance 1, petrification resistance
a: Renounce Religion, Berserk, Trog's Hand


You were on level 4 of the Dungeon.
You worshipped Trog.
Trog was pleased with you.
You visited 1 branch of the dungeon, and saw 4 of its levels.

You collected 134 gold pieces.


Innate Abilities, Weirdness & Mutations

You are immune to sickness and miasma.
Your stone body is resilient. (AC +4)
You are immune to poison.
You resist negative energy. (rN+)
You are resistant to electric shocks. (rElec)
You are resistant to unholy torment.
You are immune to petrification.


   Skills:
 - Level 4.0 Fighting
 + Level 5.3 Axes
 - Level 4.1 Armour
 - Level 1.5 Dodging


You had 5 spell levels left.
You didn't know any spells.
Your spell library was empty.

Inventory:

Hand Weapons
 i - a +2 flail of holy wrath
 Y - a +2 hand axe (weapon)
Missiles
 j - 2 boomerangs (quivered)
Armour
 c - a +0 plate armour (worn)
 f - a +2 helmet (worn)
 h - a +0 pair of boots (worn)
Jewellery
 a - a ring of willpower (right hand)
 e - a +6 ring of strength (left hand)
 g - a ring of positive energy
Scrolls
 b - a scroll of identify
 l - a scroll of summoning {unknown}
Potions
 d - 3 potions of curing
 k - a potion of flight {unknown}

Dungeon Overview and Level Annotations

Branches:
Dungeon (4/15)             Temple (0/1) D:4

Altars:
Elyvilon
Gozag
Kikubaaqudgha
Makhleb
Wu Jian

Shops:
D:1 ?

Annotations:
D:4 Eustachio


Message History

The quokka disappears in a puff of smoke!
The crimson imp laughs crazily.
The crimson imp closely misses you.
The river rat bites you but does no damage.
Eustachio mumbles some strange words.
Eustachio blinks!
The crimson imp hits you but does no damage.
The river rat bites you but does no damage.
You barely miss the crimson imp. You closely miss the river rat.
You hit the rat.
Eustachio gestures wildly while chanting.
Eustachio blinks!
The rat closely misses you. The crimson imp barely misses you.
The river rat bites you.
Eustachio mumbles some strange words.
The rat bites you but does no damage.
You slash the rat!
You kill the rat!
The rat's corpse disappears in a puff of smoke!
You barely miss the river rat. You hit the crimson imp.
The crimson imp hits you but does no damage.
The river rat bites you but does no damage.
Eustachio gestures wildly while chanting.
Eustachio blinks!
The crimson imp hits you but does no damage.
The river rat closely misses you. Eustachio closely misses you.
You barely miss Eustachio.
Eustachio is heavily wounded.
You closely miss the crimson imp. You barely miss the river rat.
The crimson imp hits you but does no damage.
The river rat bites you but does no damage.
Eustachio casts a spell.
You closely miss Eustachio.
Eustachio is heavily wounded.
You hit the crimson imp but do no damage.
You closely miss the river rat. x2
The bat disappears in a puff of smoke!
The crimson imp disappears in a puff of smoke!
The bat hits you. The river rat barely misses you. Eustachio barely misses you.
The river rat barely misses you. The river rat bites you!
You die...

############
#..........#
##..........#
#...........#
#...........#
#...$.......# ######
#...r..¤....# #.....
#...r@¤.....# #.....
#...r@......# #.....
###.###b###########.....
#.............>.........
#######.#######.###.....
######.#######.##......
#.................#....
#.####.########..##....
#.#.............##..#.#


You could see Eustachio, 2 river rats, a quokka (summoned) and a bat (summoned).

Vanquished Creatures
  An ogre (D:4)
  A hound (D:4)
  2 orc priests (D:4)
  An orc wizard (D:4)
  4 adders
  A worm (D:2)
  A dart slug (D:2)
  8 orcs
  5 ball pythons
  6 endoplasms
  3 giant cockroaches
  8 goblins
  9 hobgoblins
  2 jackals (D:1)
  5 kobolds
  A quokka (D:1)
  4 bats
  A frilled lizard (D:3)
  5 rats
68 creatures vanquished.

Notes
Turn   | Place    | Note
-------+----------+-------------------------------------------
     0 | D:1      | qw the Gargoyle Berserker began the quest for the Orb.
     0 | D:1      | Reached XP level 1. HP: 14/14 MP: 1/1
     0 | D:1      | 0 ||| qw: Version: 0.1-a-104-g96f76f8
     0 | D:1      | 0 ||| qw: Game counter: 5941
     0 | D:1      | 0 ||| qw: Always use a shield: true
     0 | D:1      | 0 ||| qw: Do Orc after D:15 true
     0 | D:1      | 0 ||| qw: Do second Lair branch before Depths: true
     0 | D:1      | 0 ||| qw: Lair rune preference: random
     0 | D:1      | 0 ||| qw: Plans: Normal
     0 | D:1      | 0 ||| PLANNING D:1-11
   125 | D:1      | 125 ||| INVOKING Berserk.
   130 | D:1      | Reached skill level 3 in Axes
   338 | D:1      | 338 ||| Stepping ~*~*~tactically~*~*~ (stealth).
   346 | D:1      | Reached XP level 2. HP: 19/19 MP: 2/2
   740 | D:1      | Reached XP level 3. HP: 22/23 MP: 3/3
   788 | D:1      | Found a faded altar of an unknown god.
   788 | D:1      | Noticed a red devil
   853 | D:1      | 853 ||| Stepping ~*~*~tactically~*~*~ (stealth).
   859 | D:1      | 859 ||| Stepping ~*~*~tactically~*~*~ (stealth).
   860 | D:1      | 860 ||| Stepping ~*~*~tactically~*~*~ (stealth).
   861 | D:1      | 861 ||| Stepping ~*~*~tactically~*~*~ (stealth).
   862 | D:1      | 862 ||| Stepping ~*~*~tactically~*~*~ (stealth).
   863 | D:1      | 863 ||| Stepping ~*~*~tactically~*~*~ (stealth).
   865 | D:1      | 865 ||| Stepping ~*~*~tactically~*~*~ (stealth).
   868 | D:1      | 868 ||| Stepping ~*~*~tactically~*~*~ (stealth).
   923 | D:1      | 923 ||| Stepping ~*~*~tactically~*~*~ (stealth).
   929 | D:1      | Reached ** piety under Trog
   930 | D:1      | Found Jecat's Magic Scroll Emporium.
   932 | D:1      | 932 ||| DROPPING +0 club.
   941 | D:1      | 941 ||| SHOPLISTING scroll of acquirement (624 gold, have
                  | 19).
   941 | D:1      | 941 ||| SHOPLISTING scroll of enchant armour (90 gold, have
                  | 19).
   941 | D:1      | 941 ||| SHOPLISTING scroll of teleportation (36 gold, have
                  | 19).
  1003 | D:1      | 1003 ||| UPGRADING to +0 plate armour.
  1013 | D:1      | 1013 ||| DROPPING +0 animal skin.
  1014 | D:1      | 1014 ||| UPGRADING to ring of positive energy.
  1015 | D:1      | 1015 ||| READING scroll labelled CIFE PUSHYUFO.
  1016 | D:1      | 1016 ||| READING scroll labelled RIUWNI LUIM MAZUW.
  1017 | D:1      | 1017 ||| READING scroll labelled BEILLOTSEGEHE.
  1058 | D:2      | 1058 ||| INVOKING Berserk.
  1060 | D:2      | Reached skill level 4 in Axes
  1074 | D:2      | 1074 ||| FLEEEEING.
  1075 | D:2      | 1075 ||| FLEEEEING.
  1190 | D:2      | 1190 ||| Stepping ~*~*~tactically~*~*~ (stealth).
  1389 | D:2      | 1389 ||| Stepping ~*~*~tactically~*~*~ (stealth).
  1390 | D:2      | 1390 ||| Stepping ~*~*~tactically~*~*~ (stealth).
  1471 | D:2      | Reached XP level 4. HP: 28/28 MP: 4/4
  1613 | D:2      | 1613 ||| UPGRADING to +2 helmet.
  1618 | D:2      | 1618 ||| UPGRADING to ring of willpower.
  1619 | D:2      | 1619 ||| READING scroll labelled XOQOHA PIFIOTZUO.
  1720 | D:2      | 1720 ||| READING 3 scrolls labelled ZAIWOZAADE.
  1721 | D:2      | 1721 ||| DROPPING 2 scrolls of poison.
  1746 | D:3      | 1746 ||| DROPPING +0 whip.
  1758 | D:3      | Found an ornate altar of the Wu Jian Council.
  1879 | D:3      | 1879 ||| DROPPING +0 flail.
  1981 | D:3      | 1981 ||| Stepping ~*~*~tactically~*~*~ (stealth).
  2019 | D:3      | You fall into a shaft and drop 1 floor!
  2020 | D:4      | 2020 ||| UPGRADING to +6 ring of strength.
  2022 | D:4      | 2022 ||| READING scroll labelled ILIRPH GESS.
  2077 | D:3      | Found a white marble altar of Elyvilon.
  2078 | D:3      | Found a burning altar of Makhleb.
  2214 | D:3      | Found an ancient bone altar of Kikubaaqudgha.
  2214 | D:3      | Found an opulent altar of Gozag.
  2479 | D:3      | 2479 ||| UPGRADING to +0 pair of boots.
  2484 | D:3      | 2484 ||| READING 2 scrolls of identify.
  2484 | D:3      | 2484 ||| IDENTIFYING fuming grey potion
  2532 | D:4      | Noticed an ogre
  2533 | D:4      | 2533 ||| STAIRDANCE
  2540 | D:4      | 2540 ||| INVOKING Berserk.
  2545 | D:4      | Killed an ogre
  2546 | D:4      | Reached XP level 5. HP: 32/32 MP: 5/5
  2546 | D:4      | 2546 ||| STAIRDANCE
  2834 | D:4      | 2834 ||| Stepping ~*~*~tactically~*~*~ (hiding).
  2846 | D:4      | 2846 ||| INVOKING Berserk.
  2861 | D:4      | Reached skill level 5 in Axes
  2861 | D:4      | Reached XP level 6. HP: 37/37 MP: 6/6
  2866 | D:4      | 2866 ||| Stepping ~*~*~tactically~*~*~ (stealth).
  2870 | D:4      | 2870 ||| Stepping ~*~*~tactically~*~*~ (stealth).
  2872 | D:4      | 2872 ||| Stepping ~*~*~tactically~*~*~ (stealth).
  3048 | D:4      | 3048 ||| READING scroll of enchant weapon.
  3048 | D:4      | 3048 ||| ENCHANTING +1 hand axe.
  3057 | D:4      | 3057 ||| Stepping ~*~*~tactically~*~*~ (stealth).
  3057 | D:4      | Found a staircase to the Ecumenical Temple.
  3078 | D:4      | 3078 ||| Stepping ~*~*~tactically~*~*~ (stealth).
  3082 | D:4      | 3082 ||| Stepping ~*~*~tactically~*~*~ (stealth).
  3083 | D:4      | 3083 ||| Stepping ~*~*~tactically~*~*~ (stealth).
  3208 | D:4      | Noticed Eustachio
  3210 | D:4      | 3210 ||| INVOKING Berserk.
  3230 | D:4      | HP: 7/38 [Eustachio/+0 falchion (5)]
  3235 | D:4      | HP: 6/38 [bat[Eustachio] (1)]
  3235 | D:4      | Slain by a river rat

Levels and vault maps discovered:
D:1:      onia_arrival_handbag, layout_rooms,
          dreamdust_ecumenical_altar_sealed_demon, serial_shops,
          nicolae_diamond_shop
D:2:      layout_basic, st_stairs_1
D:3:      layout_basic, nicolae_overflow_squiral, general_overflow_altar,
          mainiacjoe_overflow_divided_tiny, grunt_decor_arrowhead
D:4:      layout_basic, vehumet_crystals, nicolae_qazlal_style_of_elements,
          minmay_temple_entry_waves, kennysheep_cross_room, hex_tiny,
          minmay_misc_feat_diagonals, st_stairs_11, supply_closet_lemuel,
          minmay_crystal_room, uniq_eustachio

Skill      XL: |  1  2  3  4  5  6 |
---------------+-------------------+-----
Axes           | 3 4 5 |  5.3
Armour         | 4 |  4.1
Fighting       | 4 |  4.0
Dodging        | |  1.5

Action                   |  1- 3 |  4- 6 || total
-------------------------+-------+-------++-------
Melee: Hand axe          |   126 |   104 ||   230
Throw: Boomerang         |    16 |    32 ||    48
Invok: Berserk           |     2 |     3 ||     5
  Use: Scroll            |     3 |     5 ||     8
Armor: Animal skin       |    25 |       ||    25
       Plate armour      |    24 |    85 ||   109
Dodge: Dodged            |    47 |    50 ||    97

Table legend:
 A = Non-vault XP
 B = Vault XP
 C = Vault XP percentage of total XP
 D = Non-vault monster count
 E = Vault monster count
 F = Vault count percentage of total count
                 A         B        C        D         E       F
            +---------+---------+-------+---------+---------+-------
      Total |     434 |      25 |   5.4 |      60 |       8 |  11.8
            +---------+---------+-------+---------+---------+-------
        D:1 |      42 |       5 |  10.6 |      22 |       4 |  15.4
        D:2 |      34 |      15 |  30.6 |       9 |       2 |  18.2
        D:3 |      47 |       0 |   0.0 |      19 |       0 |   0.0
        D:4 |     311 |       5 |   1.6 |      10 |       2 |  16.7
            +---------+---------+-------+---------+---------+-------
